[Event "Titled Tuesday Blitz May 9 Late 2023"]
[White "Al-Saffar, Araz Basim Mohammed S"]
[Black "Prydun, Andriy"]
[WhiteFideId "4801040"]
[BlackFideId "14145898"]
[WhiteElo "2304"]
[BlackElo "2164"]
[Result "1-0"]
[Round "10"]
[TimeControl "180+2"]
[Date "2023.05.09"]
[WhiteClock "0:00:33"]
[BlackClock "0:00:01"]

1. d4 Nf6 2. c4 c6 3. Nc3 d5 4. cxd5 cxd5 5. Bf4 Nc6 6. e3 Bg4 7. Qb3 Na5 8. Qa4+ Bd7 9. Qc2 e6 10. Nf3 Rc8 11. Bd3 Bb4 12. O-O h6 13. Ne5 O-O 14. Rfc1 a6 15. h3 Bb5 16. Bxb5 axb5 17. Qd3 Nc4 18. b3 Bxc3 19. Rxc3 Nd6 20. Rac1 Ra8 21. R1c2 Qb6 22. Rc5 Nfe4 23. Rc7 Rfc8 24. Rxc8+ Rxc8 25. f3 Rxc2 26. Qxc2 Nf6 27. Nd3 Nd7 28. Nc5 Nf6 29. Bxd6 Qxd6 30. Nxb7 Qg3 31. Qf2 Qb8 32. Nc5 h5 33. Qd2 b4 34. Nd3 h4 35. Qxb4 Qc8 36. Nc5 Nh5 37. a4 Qc7 38. a5 Ng3 39. Qb6 Ne2+ 40. Kf2 Qg3+ 41. Kxe2 Qxg2+ 42. Kd3 Qf1+ 43. Kc3 Qe1+ 44. Kb2 Qd2+ 45. Ka3 Qc1+ 46. Kb4 Qd2+ 47. Kb5 Qe2+ 48. Kc6 Qxf3 49. Qd8+ Kh7 50. Qxh4+ Kg6 51. Qg4+ Qxg4 52. hxg4 1-0


[Site "https://www.chess.com"]

[Event "Titled Tuesday Blitz May 9 Late 2023"]
[White "Vega Gutierrez, Sabrina"]
[Black "Brueckner, Thomas"]
[WhiteFideId "2219026"]
[BlackFideId "4600452"]
[WhiteElo "2209"]
[BlackElo "2322"]
[Result "1-0"]
[Round "10"]
[TimeControl "180+2"]
[Date "2023.05.09"]
[WhiteClock "0:00:21"]
[BlackClock "0:00:00"]

1. e4 e5 2. Nf3 Nc6 3. Nc3 Nf6 4. g3 d5 5. exd5 Nxd5 6. Bg2 Nxc3 7. bxc3 Bc5 8. O-O O-O 9. d3 f6 10. Rb1 Be6 11. c4 Qd7 12. Nd2 Rab8 13. Ne4 Be7 14. Be3 Rfd8 15. Nc5 Bxc5 16. Bxc5 b6 17. Be3 Nd4 18. f4 Nf5 19. Bd2 Qd4+ 20. Kh1 exf4 21. Rxf4 Qd7 22. Be4 Nd6 23. Bd5 Nf7 24. Bg2 Ne5 25. Bc3 Nxc4 26. Qe2 Nd6 27. Rbf1 Nb5 28. Bb2 Bd5 29. a4 Bxg2+ 30. Qxg2 Nd6 31. Qd5+ Qf7 32. Qc6 1-0


[Site "https://www.chess.com"]

[Event "Titled Tuesday Blitz May 9 Late 2023"]
[White "De Souza, Cristiano Gomes"]
[Black "merinasian"]
[WhiteFideId "2151758"]
[WhiteElo "2068"]
[BlackElo "2413"]
[Result "0-1"]
[Round "10"]
[TimeControl "180+2"]
[Date "2023.05.09"]
[WhiteClock "0:01:19"]
[BlackClock "0:02:26"]

1. d4 Nf6 2. c4 e6 3. Nf3 b6 4. g3 Bb7 5. Bg2 Bb4+ 6. Bd2 Be7 7. O-O Ne4 8. Be1 d6 9. Nc3 Nxc3 10. Bxc3 Nd7 11. b4 Nf6 12. Nd2 Bxg2 13. Kxg2 d5 14. c5 bxc5 15. b5 c4 16. a4 O-O 17. Qc2 c5 18. e4 cxd4 19. Bxd4 dxe4 20. Nxe4 Qxd4 0-1


[Site "https://www.chess.com"]

[Event "Titled Tuesday Blitz May 9 Late 2023"]
[White "K2JW"]
[Black "KVAIDAN"]
[WhiteElo "2387"]
[BlackElo "2296"]
[Result "0-1"]
[Round "10"]
[TimeControl "180+2"]
[Date "2023.05.09"]
[WhiteClock "0:00:18"]
[BlackClock "0:01:51"]

1. e4 e5 2. Nf3 d5 3. d4 dxe4 4. Nxe5 Bd6 5. Nc4 Nf6 6. Nxd6+ Qxd6 7. Be2 Nc6 8. c3 O-O 9. Na3 Nd5 10. Nc4 Qg6 11. g3 f5 12. Ne3 Nce7 13. Nxd5 Nxd5 14. Bc4 c6 15. Bxd5+ cxd5 16. Bf4 Be6 17. O-O Qf6 18. f3 g5 19. Be5 Qg6 20. f4 h6 21. Qe2 a6 22. c4 dxc4 23. d5 Bxd5 24. Rad1 Rad8 25. Qe3 b5 26. Rd4 Be6 27. Rfd1 Rxd4 28. Rxd4 b4 29. Rd6 Rc8 30. Qb6 Re8 31. Rc6 gxf4 32. Rc7 Bf7 33. Qxg6+ Bxg6 34. Rg7+ Kf8 35. Rxg6 Rxe5 36. gxf4 Ra5 37. Rxh6 Rxa2 38. Rf6+ Ke7 39. Rxf5 Rxb2 40. Re5+ Kf6 41. Rxe4 c3 42. Kf1 c2 0-1


[Site "https://www.chess.com"]

[Event "Titled Tuesday Blitz May 9 Late 2023"]
[White "Skaric, Djuro"]
[Black "Abdi, Farzad"]
[WhiteFideId "934569"]
[BlackFideId "2076829"]
[WhiteElo "2282"]
[BlackElo "2265"]
[Result "0-1"]
[Round "10"]
[TimeControl "180+2"]
[Date "2023.05.09"]
[WhiteClock "0:01:22"]
[BlackClock "0:00:39"]

1. g3 d5 2. Bg2 c5 3. d3 Nc6 4. Nf3 e5 5. O-O f6 6. Nc3 Be6 7. e4 d4 8. Ne2 Bd6 9. Nd2 Nge7 10. f4 Qd7 11. a4 O-O 12. f5 Bf7 13. b3 b6 14. g4 h6 15. h4 a6 16. Rf2 b5 17. axb5 axb5 18. Rxa8 Rxa8 19. Bf1 c4 20. bxc4 bxc4 21. Rg2 cxd3 22. cxd3 Nb4 23. Ng3 Ra1 24. Nb3 Rb1 25. Rb2 Rxb2 26. Bxb2 Qa4 27. Be2 Qxb3 28. Qa1 Nxd3 29. Qa8+ Bb8 30. Ba3 Nf4 31. Bf3 Nc6 32. Qxc6 Qxf3 33. Qc2 Qxg3+ 34. Kf1 Qxa3 35. g5 Qf3+ 36. Kg1 Ne2+ 37. Qxe2 Qxe2 38. g6 Bc4 39. h5 d3 40. Kh1 d2 0-1


[Site "https://www.chess.com"]

[Event "Titled Tuesday Blitz May 9 Late 2023"]
[White "Benaddi, Mouhcine"]
[Black "Ansh M Shah"]
[WhiteFideId "9001050"]
[BlackFideId "25033379"]
[WhiteElo "2036"]
[BlackElo "2084"]
[Result "1-0"]
[Round "10"]
[TimeControl "180+2"]
[Date "2023.05.09"]
[WhiteClock "0:01:19"]
[BlackClock "0:01:02"]

1. Nf3 Nf6 2. g3 e6 3. Bg2 d5 4. O-O c5 5. d4 cxd4 6. Nxd4 Nc6 7. c4 Bc5 8. Nxc6 bxc6 9. Qc2 Qe7 10. Bg5 Bb6 11. Nc3 O-O 12. e4 h6 13. Bxf6 Qxf6 14. exd5 cxd5 15. cxd5 Ba6 16. Rfd1 Rac8 17. Rd2 exd5 18. Nxd5 Qxf2+ 19. Rxf2 Rxc2 20. Nxb6 Rxf2 21. Kxf2 axb6 22. Rd1 Rc8 23. Be4 Bc4 24. b3 Be6 25. Rd6 b5 26. Rb6 Rc5 27. Rb8+ Rc8 28. Rxb5 f5 29. Bxf5 Rf8 30. g4 g6 31. Rb6 Bxf5 32. gxf5 Rxf5+ 33. Ke3 Kg7 34. a4 Rh5 35. a5 Rxh2 36. a6 Ra2 37. b4 h5 38. b5 h4 39. Rb7+ Kf6 40. Kf3 Kg5 41. a7 h3 42. b6 h2 43. Rh7 Ra6 44. Rxh2 Kf5 45. Rb2 Ra3+ 46. Ke2 Rh3 47. a8=Q Rh2+ 48. Ke3 Rxb2 49. Qf8+ Kg4 50. Qf4+ Kh5 51. Qe5+ g5 52. Qxb2 1-0


[Site "https://www.chess.com"]

[Event "Titled Tuesday Blitz May 9 Late 2023"]
[White "Bambino Filho, Antonio Carlos"]
[Black "Rodriguez Santiago, Jaime"]
[WhiteFideId "2113163"]
[BlackFideId "3100898"]
[WhiteElo "2461"]
[BlackElo "2025"]
[Result "1-0"]
[Round "10"]
[TimeControl "180+2"]
[Date "2023.05.09"]
[WhiteClock "0:02:24"]
[BlackClock "0:01:12"]

1. e4 c5 2. Nf3 d6 3. d4 cxd4 4. Nxd4 Nf6 5. Nc3 a6 6. Bg5 e6 7. f4 Be7 8. Qf3 Qc7 9. O-O-O Nbd7 10. Nb3 h6 11. Bh4 b5 12. Bd3 Bb7 13. a3 Nc5 14. Nxc5 Qxc5 15. Bf2 Qc7 16. Rhe1 O-O 17. g4 b4 18. axb4 a5 19. b5 a4 20. b6 Qc8 21. g5 hxg5 22. fxg5 Nd7 23. Qh5 Ne5 24. Re3 Qd8 25. Rg1 Re8 26. Rh3 Ng6 27. Qh7+ Kf8 28. Qh8+ Nxh8 29. Rxh8# 1-0


[Site "https://www.chess.com"]

[Event "Titled Tuesday Blitz May 9 Late 2023"]
[White "Bashkansky, Ethan"]
[Black "Harish, Neeraj"]
[WhiteFideId "2071533"]
[BlackFideId "30958130"]
[WhiteElo "2340"]
[BlackElo "1879"]
[Result "1-0"]
[Round "10"]
[TimeControl "180+2"]
[Date "2023.05.09"]
[WhiteClock "0:00:50"]
[BlackClock "0:00:13"]

1. d4 d5 2. c4 e6 3. Nc3 Nf6 4. cxd5 exd5 5. Bg5 Be7 6. e3 h6 7. Bh4 O-O 8. Bd3 Re8 9. Qc2 c6 10. Nf3 Ne4 11. Bxe7 Qxe7 12. O-O Bf5 13. Rab1 Nxc3 14. bxc3 Bxd3 15. Qxd3 b6 16. a4 Nd7 17. a5 b5 18. Qc2 Nf6 19. Ne5 Rac8 20. Qb3 Ne4 21. Rb2 f6 22. Nd3 h5 23. Qb4 g6 24. Qxe7 Rxe7 25. Rc2 Kg7 26. Nb4 h4 27. Re1 f5 28. f3 Nd6 29. Rce2 Ree8 30. Kf2 Kf6 31. Nd3 Re7 32. Nc5 Rce8 33. a6 g5 34. g3 hxg3+ 35. hxg3 Rh8 36. Kg2 Reh7 37. Rg1 Rh2+ 38. Kf1 Rxe2 39. Kxe2 Rh2+ 40. Kf1 Rc2 41. Rh1 Kg7 42. Ne6+ Kf6 43. Rh6+ Ke7 44. Nc5 Rxc3 45. Re6+ Kf7 46. Rxd6 Rc1+ 47. Ke2 Rc2+ 48. Kd3 Rg2 49. Rd7+ Kf6 50. Rxa7 Rxg3 51. Rc7 Rxf3 52. a7 f4 53. a8=Q Rxe3+ 54. Kd2 Kf5 55. Qc8+ Kg6 56. Qg8+ Kh5 57. Rh7+ Kg4 58. Qc8+ Kg3 59. Qh3+ Kf2 60. Qh2+ Kf3 61. Rh3+ Kg4 62. Qg2+ Kf5 63. Rxe3 fxe3+ 64. Kxe3 b4 65. Kf3 b3 66. Qg4+ Kf6 67. Nxb3 c5 68. dxc5 d4 69. Qxd4+ Ke6 70. Qd6+ Kf7 71. c6 g4+ 72. Ke4 g3 73. Kf5 g2 74. Qd7+ Kg8 75. Qe8+ Kg7 76. Qg6+ Kf8 77. Qxg2 Kf7 78. Qg6+ Kf8 79. Qh7 Ke8 80. Ke6 Kf8 81. Qh8# 1-0


[Site "https://www.chess.com"]

[Event "Titled Tuesday Blitz May 9 Late 2023"]
[White "Ardila, Oscar Humberto"]
[Black "Phillips, Rene"]
[WhiteFideId "4404742"]
[BlackFideId "2056275"]
[WhiteElo "1918"]
[BlackElo "2191"]
[Result "1-0"]
[Round "10"]
[TimeControl "180+2"]
[Date "2023.05.09"]
[WhiteClock "0:00:31"]
[BlackClock "0:00:03"]

1. d4 Nc6 2. c4 e5 3. d5 Bb4+ 4. Bd2 Bxd2+ 5. Nxd2 Nce7 6. e3 Nf6 7. Ngf3 Ng6 8. Qc2 d6 9. Bd3 b6 10. O-O O-O 11. Bf5 a5 12. Bxc8 Qxc8 13. a3 Qg4 14. h3 Qh5 15. b4 Nh4 16. Nxh4 Qxh4 17. Nf3 Qe4 18. Qb3 h6 19. Rfd1 Nd7 20. Nd2 Qh4 21. Nf3 Qe4 22. Nd2 Qh4 23. Rdc1 f5 24. Nf3 Qe4 25. Nd2 Qh4 26. Nf3 Qh5 27. c5 a4 28. Qa2 bxc5 29. bxc5 Nxc5 30. Rxc5 dxc5 31. Nxe5 Kh7 32. f4 Rfd8 33. Rc1 Rab8 34. Rxc5 Qd1+ 35. Kh2 Rb1 36. Qf2 Qe1 37. Qc2 Qg1+ 38. Kg3 Rb3 39. Qxf5+ Kg8 40. Qe6+ Kh7 41. Qg6+ Kg8 42. Qf7+ Kh7 43. Nf3 Rxe3 44. Rxc7 Qe1+ 45. Kh2 Rxf3 46. Qxg7# 1-0


[Site "https://www.chess.com"]

[Event "Titled Tuesday Blitz May 9 Late 2023"]
[White "Almedina Ortiz, Edgardo J."]
[Black "Ingunza Curro, Andres"]
[WhiteFideId "3100197"]
[BlackFideId "24526371"]
[WhiteElo "2217"]
[BlackElo "2247"]
[Result "0-1"]
[Round "10"]
[TimeControl "180+2"]
[Date "2023.05.09"]
[WhiteClock "0:00:00"]
[BlackClock "0:00:18"]

1. d4 Nf6 2. c4 e6 3. Nc3 Bb4 4. Qc2 O-O 5. Bg5 b6 6. Nf3 h6 7. Bxf6 Qxf6 8. a3 Bxc3+ 9. Qxc3 Bb7 10. g3 c5 11. Rd1 cxd4 12. Qxd4 Qxd4 13. Rxd4 d5 14. cxd5 Bxd5 15. Bg2 Nc6 16. Rd2 Na5 17. O-O Rac8 18. Ne5 Nb3 19. Rd3 Bxg2 20. Kxg2 Nc5 21. Rc3 f6 22. Ng6 Rfe8 23. b4 Kh7 24. Nf4 Ne4 25. Rxc8 Rxc8 26. Nxe6 Rc3 27. f3 Nd6 28. Rd1 Nc4 29. Rd7 Rxa3 30. Rxg7+ Kh8 31. Rc7 Ne3+ 32. Kf2 Nd5 33. Rd7 Nxb4 34. Nf4 a5 35. h4 a4 36. Nh5 Kg8 37. Nxf6+ Kf8 38. Rb7 Ra2 39. Rxb6 Nd3+ 40. Ke3 Ne5 41. Rb7 Nc4+ 42. Kd3 Ne5+ 43. Ke3 Nc4+ 44. Kf4 a3 45. e4 Rf2 46. Ra7 a2 47. Ng4 Rb2 48. Nxh6 Nd2 0-1


[Site "https://www.chess.com"]

[Event "Titled Tuesday Blitz May 9 Late 2023"]
[White "Chessadiction1990"]
[Black "Celestino, Rafael Teixeira"]
[BlackFideId "2108925"]
[WhiteElo "2146"]
[BlackElo "2306"]
[Result "0-1"]
[Round "10"]
[TimeControl "180+2"]
[Date "2023.05.09"]
[WhiteClock "0:00:00"]
[BlackClock "0:01:05"]

1. d4 Nf6 2. Nc3 e6 3. Bf4 Bb4 4. Nf3 c5 5. dxc5 O-O 6. Bd6 Re8 7. Qd3 Qa5 8. e3 Nd5 9. Be5 Nc6 10. Rd1 Nxe5 11. Nxe5 Nxc3 12. Nc4 Nxd1+ 13. Kxd1 Qxc5 14. a3 d5 15. Ne5 Ba5 16. b4 Qc7 17. f4 Bb6 18. Be2 d4 19. Rf1 dxe3 20. Kc1 Rd8 21. Qe4 a5 22. Bd3 f5 23. Qf3 axb4 24. g4 Qc3 0-1


[Site "https://www.chess.com"]

[Event "Titled Tuesday Blitz May 9 Late 2023"]
[White "Georg, Heinz"]
[Black "Kiseljova, Marya"]
[WhiteFideId "4607295"]
[BlackFideId "4155009"]
[WhiteElo "2301"]
[BlackElo "1831"]
[Result "0-1"]
[Round "10"]
[TimeControl "180+2"]
[Date "2023.05.09"]
[WhiteClock "0:00:00"]
[BlackClock "0:00:11"]

1. c4 e5 2. Nc3 Bb4 3. Nd5 Bc5 4. e3 Nc6 5. Nf3 e4 6. Ng5 Qxg5 7. Nxc7+ Kd8 8. Nxa8 b6 9. h4 Qg6 10. h5 Qg5 11. Rh3 Bb7 12. Rg3 Qf6 13. Nxb6 axb6 14. Rb1 Nge7 15. b4 Bd6 16. Bb2 Be5 17. Bxe5 Nxe5 18. Be2 Nf5 19. Rh3 Ke7 20. c5 Ra8 21. Qb3 Qe6 22. Bc4 Qxc4 23. cxb6 Qxb3 24. Rxb3 Nd3+ 25. Kf1 Bd5 26. Rc3 Rxa2 27. g4 Ra1+ 28. Kg2 Nd6 29. g5 Rb1 30. g6 fxg6 31. hxg6 hxg6 32. Rg3 Ne5 33. Rc5 Ke6 34. Rg5 Ndf7 35. Rg3 Rxb4 36. Rc8 Rxb6 37. Re8+ Kd6 38. Rg8 Ke7 39. Rxg7 Kf6 40. Rg8 Re6 41. Kh3 Nf3 42. d4 exd3 43. R8xg6+ Ke7 44. R6g4 d2 45. Rd4 N7e5 46. Rxd5 Rh6+ 0-1


[Site "https://www.chess.com"]

[Event "Titled Tuesday Blitz May 9 Late 2023"]
[White "Kostiukov, Alexandr"]
[Black "Torres Dominguez, David"]
[WhiteFideId "14108100"]
[BlackFideId "2220857"]
[WhiteElo "2202"]
[BlackElo "1999"]
[Result "1-0"]
[Round "10"]
[TimeControl "180+2"]
[Date "2023.05.09"]
[WhiteClock "0:00:32"]
[BlackClock "0:00:00"]

1. g3 d5 2. Bg2 Nc6 3. d3 e5 4. e4 dxe4 5. dxe4 Qxd1+ 6. Kxd1 Bg4+ 7. f3 O-O-O+ 8. Nd2 Be6 9. Bh3 Bxh3 10. Nxh3 f6 11. c3 Nh6 12. Ke2 Nf7 13. a4 a5 14. Nc4 Bc5 15. Be3 Bxe3 16. Kxe3 Nd6 17. Nxd6+ Rxd6 18. Rhd1 Rhd8 19. Nf2 Rxd1 20. Nxd1 Kd7 21. Nf2 Ke6 22. f4 b6 23. Nd3 Rd7 24. Rf1 g6 25. h4 f5 26. h5 fxe4 27. Kxe4 gxh5 28. fxe5 Rg7 29. Nf4+ Ke7 30. Nxh5 Rg5 31. Rf5 Rg4+ 32. Kd5 Rxa4 33. Kxc6 Ke6 34. Rg5 Rc4+ 35. Kb7 a4 36. Nf4+ Kf7 37. e6+ Kf6 38. Rh5 Kg7 39. Re5 Kf8 40. e7+ Ke8 41. Nd5 1-0


[Site "https://www.chess.com"]

[Event "Titled Tuesday Blitz May 9 Late 2023"]
[White "Butti, Enrique"]
[Black "Cooklev, Steven"]
[WhiteFideId "3700470"]
[BlackFideId "2050552"]
[WhiteElo "2080"]
[BlackElo "2282"]
[Result "1-0"]
[Round "10"]
[TimeControl "180+2"]
[Date "2023.05.09"]
[WhiteClock "0:01:02"]
[BlackClock "0:00:00"]

1. d4 Nf6 2. c4 e6 3. Nf3 d5 4. e3 c5 5. Nc3 Nc6 6. cxd5 exd5 7. Be2 cxd4 8. Nxd4 Bd6 9. O-O O-O 10. Bf3 Bb8 11. g3 Bh3 12. Re1 Be5 13. Nce2 Qb6 14. Rb1 Rad8 15. b3 Nxd4 16. Nxd4 Bxd4 17. Qxd4 Qxd4 18. exd4 Rfe8 19. Bg5 Be6 20. Bxf6 gxf6 21. Rbc1 Rc8 22. Bg2 Kf8 23. Kf1 Red8 24. Red1 Rc6 25. Ke2 Ke7 26. Kd2 Kd6 27. Bf1 Rdc8 28. Bb5 Rxc1 29. Rxc1 Rxc1 30. Kxc1 b6 31. Kd2 h6 32. Ke3 Bf5 33. b4 Bb1 34. a3 Bc2 35. Kf4 Bb1 36. Ke3 Bc2 37. Kf4 Bb1 38. Kg4 Bc2 39. Kh5 a5 40. Kxh6 axb4 41. axb4 Ke6 42. Kg7 Bg6 43. Bc6 Kd6 44. Ba8 Ke6 45. h4 f5 46. Kh6 f4 47. g4 f3 48. h5 Be4 49. g5 Kf5 50. g6 fxg6 51. hxg6 1-0


[Site "https://www.chess.com"]

[Event "Titled Tuesday Blitz May 9 Late 2023"]
[White "Joubert, Dantelle"]
[Black "Romero Ruscalleda, Josep"]
[WhiteFideId "14310813"]
[BlackFideId "2231859"]
[WhiteElo "1507"]
[BlackElo "2183"]
[Result "0-1"]
[Round "10"]
[TimeControl "180+2"]
[Date "2023.05.09"]
[WhiteClock "0:00:00"]
[BlackClock "0:01:27"]

1. d4 g6 2. e4 Bg7 3. Nc3 d6 4. Be3 a6 5. Qd2 b5 6. f3 Bb7 7. O-O-O Nd7 8. Bd3 Rc8 9. Kb1 c5 10. d5 b4 11. Nce2 c4 12. Qxb4 cxd3 13. cxd3 Ba8 14. d4 Ngf6 15. h4 h5 16. Nh3 Rb8 17. Qd2 Qb6 18. e5 Nxd5 19. Bg5 Qb4 20. exd6 Qxd6 21. Nhf4 O-O 22. g4 Nxf4 23. Bxf4 e5 24. dxe5 Qxd2 25. Rxd2 Nxe5 26. gxh5 Nxf3 27. Bxb8 Nxd2+ 28. Kc2 Bxh1 29. Kxd2 Rxb8 0-1


[Site "https://www.chess.com"]

[Event "Titled Tuesday Blitz May 9 Late 2023"]
[White "Zampronha, Wladimir Camilo"]
[Black "Tarnowska, Aleksandra"]
[WhiteFideId "2103087"]
[BlackFideId "1180967"]
[WhiteElo "2176"]
[BlackElo "1776"]
[Result "1-0"]
[Round "10"]
[TimeControl "180+2"]
[Date "2023.05.09"]
[WhiteClock "0:01:14"]
[BlackClock "0:00:00"]

1. e4 c5 2. Nf3 e6 3. d4 cxd4 4. Nxd4 a6 5. Bd3 Bc5 6. Nb3 Be7 7. Qg4 g6 8. Qe2 d6 9. O-O Nd7 10. Na3 b5 11. c4 b4 12. Nc2 a5 13. Nbd4 Qc7 14. Nb5 Qc6 15. Ncd4 Bb7 16. Nxc6 Bxc6 17. Nc7+ Kd8 18. Nxa8 Bxa8 19. f4 Ngf6 20. a3 b3 21. Bd2 Nc5 22. Bxa5+ Kd7 23. Bc3 Nxd3 24. Qxd3 Bxe4 25. Bxf6 Bxd3 26. Bxh8 Bxc4 27. Bc3 d5 28. a4 Kc6 29. a5 Bc5+ 30. Kh1 Ba6 31. Rfd1 h5 32. Bd4 Bd6 33. g3 Be7 34. Kg2 h4 35. Kh3 Be2 36. a6 f6 37. a7 g5 38. fxg5 fxg5 39. g4 1-0


[Site "https://www.chess.com"]

[Event "Titled Tuesday Blitz May 9 Late 2023"]
[White "Dragomirescu, Calin"]
[Black "Van Baar, Esper"]
[WhiteFideId "1200895"]
[BlackFideId "1049321"]
[WhiteElo "2010"]
[BlackElo "2164"]
[Result "1-0"]
[Round "10"]
[TimeControl "180+2"]
[Date "2023.05.09"]
[WhiteClock "0:02:18"]
[BlackClock "0:00:04"]

1. Nf3 c5 2. g3 g6 3. Bg2 Bg7 4. O-O Nf6 5. c4 O-O 6. Nc3 Nc6 7. b3 d6 8. Bb2 e5 9. d3 Be6 10. Nd2 Rc8 11. Nd5 Qd7 12. a3 a5 13. Bc3 Bxd5 14. cxd5 Ne7 15. e4 b6 16. b4 axb4 17. axb4 Ra8 18. Nc4 b5 19. Rxa8 Rxa8 20. Nb6 Qb7 21. Nxa8 Qxa8 22. bxc5 dxc5 23. Bxe5 Nd7 24. Bxg7 Kxg7 25. Qa1+ Qxa1 26. Rxa1 Ne5 27. Bf1 b4 28. f4 Nf3+ 29. Kg2 Nd4 30. Kf2 Nc8 31. Ra8 Nb6 32. Rb8 Na4 33. d6 b3 34. d7 Nc6 35. Rxb3 1-0


[Site "https://www.chess.com"]

[Event "Titled Tuesday Blitz May 9 Late 2023"]
[White "Smith, Garrett L"]
[Black "KSho99"]
[WhiteFideId "2024829"]
[WhiteElo "2227"]
[BlackElo "2139"]
[Result "1-0"]
[Round "10"]
[TimeControl "180+2"]
[Date "2023.05.09"]
[WhiteClock "0:00:15"]
[BlackClock "0:00:00"]

1. e4 c6 2. d4 d5 3. e5 Bf5 4. Nd2 e6 5. Nb3 a6 6. Nf3 c5 7. c4 cxd4 8. Nbxd4 Bb4+ 9. Bd2 Bxd2+ 10. Qxd2 Bg6 11. h4 Nc6 12. Nxc6 bxc6 13. h5 Be4 14. Nd4 c5 15. Nb3 dxc4 16. Qxd8+ Rxd8 17. Nxc5 Bd3 18. Nxd3 cxd3 19. Rd1 Rd5 20. f4 Rd4 21. g3 Ra4 22. a3 Ne7 23. Rxd3 Nd5 24. Bg2 Ke7 25. Bxd5 exd5 26. Rxd5 Rc8 27. Rh2 Rc1+ 28. Rd1 Re4+ 29. Re2 Rec4 30. Rd2 Rxd1+ 31. Kxd1 Re4 32. Re2 Rd4+ 33. Kc2 Rc4+ 34. Kd3 Rc1 35. Kd4 Rh1 36. Kc5 Rxh5 37. Kb6 Rh3 38. Re3 h5 39. Rc3 Rh2 40. b4 Rh3 41. Kxa6 h4 42. Rc8 1-0


[Site "https://www.chess.com"]

[Event "Titled Tuesday Blitz May 9 Late 2023"]
[White "Chemin, Justo Reinaldo"]
[Black "Dargan, Paul A G"]
[WhiteFideId "2101580"]
[BlackFideId "416762"]
[WhiteElo "1940"]
[BlackElo "2042"]
[Result "0-1"]
[Round "10"]
[TimeControl "180+2"]
[Date "2023.05.09"]
[WhiteClock "0:00:00"]
[BlackClock "0:01:19"]

1. e4 d5 2. exd5 Nf6 3. d4 Qxd5 4. Nc3 Qd6 5. Nf3 Bg4 6. Be2 Nc6 7. Be3 O-O-O 8. O-O e5 9. dxe5 Qxd1 10. Raxd1 Bxf3 11. Rxd8+ Kxd8 12. Bxf3 Nxe5 13. Bxb7 Bb4 14. Rd1+ Ke7 15. Bxa7 Bxc3 16. bxc3 Nc4 17. Bc5+ Nd6 18. a4 Rb8 19. Bc6 Rb2 20. Re1+ Kd8 21. a5 Nd7 22. Bb4 Rxc2 23. Ra1 Nb8 24. Bd5 f6 25. h4 Na6 26. Bxd6 cxd6 27. Bc4 Nc7 28. a6 Rxc3 29. Bf1 Kc8 30. Rb1 Ra3 31. Rb6 d5 32. g4 d4 33. Rd6 Ra4 0-1


[Site "https://www.chess.com"]

[Event "Titled Tuesday Blitz May 9 Late 2023"]
[White "Escalante Ramirez, Rafael"]
[Black "Hartikainen, Jarmo"]
[WhiteFideId "3900177"]
[BlackFideId "503134"]
[WhiteElo "2184"]
[BlackElo "2091"]
[Result "1/2-1/2"]
[Round "10"]
[TimeControl "180+2"]
[Date "2023.05.09"]
[WhiteClock "0:00:04"]
[BlackClock "0:00:11"]

1. Nf3 Nf6 2. d4 g6 3. c4 Bg7 4. g3 d5 5. cxd5 Nxd5 6. Bg2 O-O 7. O-O c5 8. e4 Nf6 9. Nc3 cxd4 10. Qxd4 Qxd4 11. Nxd4 Nxe4 12. Bxe4 Bxd4 13. Nb5 Bb6 14. Bh6 Re8 15. Rac1 Bh3 16. Rfd1 Nc6 17. Bxc6 bxc6 18. Rxc6 Rad8 19. Rdc1 Bd7 20. Rxb6 axb6 21. Nc7 f6 22. Nxe8 Bxe8 23. Be3 b5 24. f3 Kf7 25. Kf2 Ra8 26. a3 Rb8 27. Rc7 b4 28. Bc5 bxa3 29. Rxe7+ Kg8 30. Bxa3 Bf7 31. Rc7 h5 32. h4 Rb3 33. Rc6 Kg7 34. Ra6 g5 35. hxg5 fxg5 36. Ra7 Kg6 37. Ra6+ Kg7 38. Kg2 Bg6 39. Ra7+ Bf7 40. Kf2 Kg6 41. Ra6+ Kg7 1/2-1/2


[Site "https://www.chess.com"]

[Event "Titled Tuesday Blitz May 9 Late 2023"]
[White "Oliveira, Tiago Batista"]
[Black "Horokoskii"]
[WhiteFideId "2108291"]
[WhiteElo "1962"]
[BlackElo "2109"]
[Result "0-1"]
[Round "10"]
[TimeControl "180+2"]
[Date "2023.05.09"]
[WhiteClock "0:00:00"]
[BlackClock "0:00:24"]

1. d4 Nf6 2. c4 g6 3. Nc3 c5 4. d5 e6 5. g3 exd5 6. cxd5 d6 7. Bg2 Bg7 8. Nf3 O-O 9. O-O Nbd7 10. Re1 Re8 11. a4 a6 12. Bf4 Qe7 13. a5 Nh5 14. Bg5 f6 15. Bd2 f5 16. Ng5 Ne5 17. Ne6 Bh8 18. Bg5 Bf6 19. Bxf6 Nxf6 20. e4 Bxe6 21. dxe6 Qxe6 22. exf5 Qxf5 23. Bxb7 Rab8 24. Bd5+ Nxd5 25. Qxd5+ Kg7 26. f4 Ng4 27. Qxd6 Rbd8 28. Qxa6 Qc2 29. Re2 Rd2 30. Rae1 Rexe2 31. Rxe2 Qxb2 32. Qa7+ Kh6 33. Qxc5 Rxe2 34. Qg5+ Kg7 35. Nxe2 Qxe2 0-1


[Site "https://www.chess.com"]

[Event "Titled Tuesday Blitz May 9 Late 2023"]
[White "Stachanczyk, Jacek"]
[Black "Dmitriev, Sergey"]
[WhiteFideId "1116657"]
[BlackFideId "14101785"]
[WhiteElo "2084"]
[BlackElo "2132"]
[Result "1-0"]
[Round "10"]
[TimeControl "180+2"]
[Date "2023.05.09"]
[WhiteClock "0:00:21"]
[BlackClock "0:00:39"]

1. e4 d6 2. d4 e6 3. Nc3 g6 4. f4 Bg7 5. Nf3 Ne7 6. Be3 O-O 7. Qd2 Nd7 8. d5 exd5 9. exd5 Nf5 10. Bf2 Re8+ 11. Be2 Nc5 12. O-O Ne4 13. Nxe4 Rxe4 14. Bd3 Re8 15. c4 Qf6 16. Rab1 Bd7 17. g4 h5 18. gxf5 Bxf5 19. Bh4 g5 20. Bxg5 Qg6 21. Nh4 Qh7 22. Bxf5 Qh8 23. Rf2 f6 24. Rg2 fxg5 25. Rxg5 Qh6 26. Kh1 Rf8 27. Rbg1 Rf7 28. Be6 Rf8 29. Rxg7+ Qxg7 30. Rxg7+ Kxg7 31. Bxf7 Rxf7 32. Qg2+ Kf8 33. Qg6 Re7 34. Qf6+ Ke8 35. Qxe7+ Kxe7 36. Kg2 Kf6 37. Kf3 c6 38. Ke4 c5 39. f5 a6 40. Nf3 b5 41. Kf4 bxc4 42. Nd2 h4 43. Nxc4 h3 44. Nxd6 a5 45. Ne4+ Kf7 46. Nxc5 Ke7 47. d6+ Kxd6 48. Nb7+ Kc7 49. Nxa5 Kd7 50. Kg5 Ke7 51. f6+ Kf7 52. Nc6 Kf8 53. a4 Kf7 54. a5 Kf8 55. a6 Kf7 56. a7 Ke6 57. Kg6 Kd7 58. a8=Q Kd6 59. f7 Ke6 60. Nd4+ Ke5 61. Qc6 Kxd4 62. f8=Q Ke5 63. Qff6# 1-0


[Site "https://www.chess.com"]

[Event "Titled Tuesday Blitz May 9 Late 2023"]
[White "Burke, Paul"]
[Black "James, Stuart"]
[WhiteFideId "2605767"]
[BlackFideId "7400489"]
[WhiteElo "1916"]
[BlackElo "1950"]
[Result "0-1"]
[Round "10"]
[TimeControl "180+2"]
[Date "2023.05.09"]
[WhiteClock "0:00:25"]
[BlackClock "0:01:15"]

1. e4 c5 2. Nf3 e6 3. d4 cxd4 4. c3 Nf6 5. Bd3 d5 6. e5 Ne4 7. O-O dxc3 8. Nxc3 Nxc3 9. bxc3 Be7 10. Bc2 Nc6 11. Bf4 Bd7 12. Re1 Rc8 13. c4 Nb4 14. Ba4 dxc4 15. Bxd7+ Qxd7 16. Qe2 Qd3 17. Rad1 Qxe2 18. Rxe2 Nd3 19. Be3 O-O 20. Bxa7 Rfd8 21. Bb6 Rd5 22. Bd4 h6 23. g3 b5 24. Kg2 Rcd8 25. Bb6 Rb8 26. Bc7 Rc8 27. Ba5 Nf4+ 28. Kf1 Rxd1+ 0-1


[Site "https://www.chess.com"]

[Event "Titled Tuesday Blitz May 9 Late 2023"]
[White "tandercat"]
[Black "Silva Rosas, Natalia"]
[BlackFideId "3000575"]
[WhiteElo "1999"]
[BlackElo "1651"]
[Result "1-0"]
[Round "10"]
[TimeControl "180+2"]
[Date "2023.05.09"]
[WhiteClock "0:00:20"]
[BlackClock "0:00:12"]

1. d4 d6 2. e4 g6 3. c4 c6 4. Nc3 Na6 5. Bd3 Qc7 6. Nge2 Bg7 7. O-O h5 8. Be3 Nb4 9. Bb1 a5 10. Qd2 b6 11. a3 Na6 12. f4 Bg4 13. h3 Be6 14. f5 gxf5 15. d5 Bd7 16. exf5 Nf6 17. Nf4 Nc5 18. Bxc5 dxc5 19. Re1 O-O-O 20. Rxe7 Ne8 21. Rxf7 Bd4+ 22. Kh1 Nd6 23. Re7 Bf6 24. Ne6 Qb8 25. Rxd7 Rxd7 26. dxc6 Re7 27. Nd5 Rxe6 28. fxe6 Bd8 29. e7 Bc7 30. Qf4 Re8 31. Bf5+ 1-0


[Site "https://www.chess.com"]